 Dungeon Crawl Stone Soup version 0.31-a0-978-g1e143483b6 (webtiles) character file.

Game seed: 3828167165181292538

602 Kuronicle the Trooper (level 7, 0/55 HPs)
             Began as a Demonspawn Fighter on Oct 30, 2023.
             Slain by a gnoll
             ... wielding a +0 spear
             ... led by a gnoll bouda
              (8 damage)
             ... on level 5 of the Dungeon.
             The game lasted 00:10:12 (3761 turns).

Kuronicle the Trooper (Demonspawn Fighter)          Turns: 3761, Time: 00:10:14

Health: 0/55       AC: 14    Str: 16    XL:     7   Next: 18%
Magic:  0/7        EV:  5    Int: 14    God:
Gold:   200        SH:  5    Dex: 14    Spells: 6/6 levels left

rFire   . . .        u - +9 rapier of the Enchanted Forest {venom, rElec rPois Int+4}
rCold   . . .        b - +0 buckler
rNeg    . . .        r - +0 plate armour
rPois   +            m - +0 helmet
rElec   +            (no cloak)
rCorr   .            x - +0 pair of gloves
SInv    .            (no boots)
Will    .....        a - amulet of guardian spirit Stlth
                     d - ring of wizardry
HPRegen 0.29/turn    (no ring)
MPRegen 0.10/turn

%: guardian spirit, wizardry (x1)
@: mighty, about to teleport
A: ignite blood 2, spiny 1, weakness stinger 2
a: no special abilities


You were on level 5 of the Dungeon.
You visited 1 branch of the dungeon, and saw 5 of its levels.

You collected 200 gold pieces.

Inventory:

Hand Weapons
 h - a +3 sling
 u - the +9 rapier of the Enchanted Forest (weapon) {venom, rElec rPois Int+4}
   (You found it on level 4 of the Dungeon)

   Int+4:     It affects your intelligence (+4).
   rElec:     It insulates you from electricity.
   rPois:     It protects you from poison
Armour
 b - a +0 buckler (worn)
 m - a +0 helmet (worn)
 r - a +0 plate armour (worn)
 x - a +0 pair of gloves (worn)
Jewellery
 a - an amulet of guardian spirit (around neck)
 d - a ring of wizardry (left hand)
Scrolls
 f - 3 scrolls of teleportation (quivered)
 j - a scroll of enchant armour {unknown}
 k - 2 scrolls of poison
 p - a scroll of torment {unknown}
 q - 3 scrolls of brand weapon
 t - a scroll of noise {unknown}
 w - a scroll of amnesia {unknown}
Potions
 i - 3 potions of resistance {unknown}
 l - a potion of magic {unknown}
 n - a potion of ambrosia {unknown}
 o - 2 potions of mutation {unknown}
 v - a potion of invisibility {unknown}


   Skills:
 * Level 4.4 Fighting
 + Level 1.0 Short Blades
 + Level 4.2 Armour
 * Level 2.2 Dodging
 * Level 2.4 Stealth
 * Level 3.5 Shields
 - Level 3.4 Unarmed Combat


You had 6 spell levels left.
You didn't know any spells.
Your spell library contained the following spells:

 Spells                   Type           Power      Damage    Failure   Level
 Apportation              Tloc           0%         N/A       100%        1
 Necrotise                Necr           0%         1d4       100%        1
 Slow                     Hex            0%         N/A       100%        1
 Summon Small Mammal      Summ           0%         N/A       100%        1
 Sublimation of Blood     Necr           0%         N/A       100%        2
 Wereblood                Tmut           0%         N/A       100%        2
 Call Canine Familiar     Summ           0%         N/A       100%        3
 Confusing Touch          Hex            0%         N/A       100%        3
 Sigil of Binding         Hex            0%         N/A       100%        3
 Summon Guardian Golem    Hex/Summ       0%         N/A       100%        3
 Vampiric Draining        Necr           0%         2d6       100%        3
 Summon Hydra             Summ           0%         N/A       100%        7


Dungeon Overview and Level Annotations

Branches:
Dungeon (5/15)
 Temple: D:4-7

Altars:
Nemelex Xobeh


Innate Abilities, Weirdness & Mutations

Your demonic aura often causes spilled blood to erupt in flames.
You are partially covered in sharp spines.
You have a tail ending in a sharp stinger.


Message History

Your tail grows a sharp stinger.
You feel better.
Unknown command.
The gnoll is no longer moving quickly.
The gnoll completely misses you. You block the gnoll's attack.
Things that are here:
a +0 halberd; a water moccasin corpse You puncture the gnoll!
The gnoll is almost dead.
The gnoll hits you from afar with a +0 halberd.
* * * LOW HITPOINT WARNING * * *
The gnoll is struck by your spines.
You kill the gnoll!
The sentinel's mark upon you fades away.
The gnoll is no longer moving quickly.
The gnoll is struck by your spines. The gnoll hits you with a +0 halberd!
* * * LOW HITPOINT WARNING * * *
You see here a +0 whip.
You closely miss the gnoll.
The gnoll is heavily wounded.
The gnoll is struck by your spines.
You kill the gnoll!
You barely miss the scorpion.
Your tail-slap misses the scorpion.
The scorpion stings you but does no damage.
You feel better. The scorpion is struck by your spines.
The scorpion stings you but does no damage.
An ogre comes into view. It is wielding a +0 giant spiked club.
The scorpion stings you.
* * * LOW HITPOINT WARNING * * *
As you read the scroll of teleportation, it crumbles to dust.
You feel strangely unstable.
The scorpion stings you but does no damage.
You puncture the scorpion!
The scorpion is poisoned.
The scorpion is severely wounded.
You kill the scorpion!
A worm comes into view.
The hound bites you.
* * * LOW HITPOINT WARNING * * *
The gnoll hits you from afar with a +0 spear!
You die...

................#
..........).....# .#
....g...........# .#
................###.#
.....g..ggg.........#
....gg..g.g.....# .#
#...####<##)##### .#
# #######w#######.#.#
........gh@))..O..#
###############)###
... ####


You could see an ogre, a worm, a hound and a gnoll.

Vanquished Creatures
  A water moccasin (D:5)
  An ogre (D:4)
  A centaur (D:5)
  A phantom (D:3)
  A scorpion (D:5)
  A gnoll bouda (D:5)
  2 iguanas (D:4)
  4 gnolls (D:5)
  6 adders
  A shadow imp (D:3)
  3 worms
  A dart slug (D:1)
  2 orcs
  8 endoplasms
  A giant cockroach (D:1)
  7 goblins
  14 hobgoblins
  3 quokkas (D:1)
  7 ball pythons
  3 bats
  5 frilled lizards
  7 kobolds
  8 rats
88 creatures vanquished.

Notes
Turn   | Place    | Note
-------+----------+-------------------------------------------
     0 | D:1      | Kuronicle the Demonspawn Fighter began the quest for the
                  | Orb.
     0 | D:1      | Reached XP level 1. HP: 18/18 MP: 1/1
   132 | D:1      | Gained mutation: You are partially covered in sharp spines.
                  | [demonic ancestry]
   132 | D:1      | Reached XP level 2. HP: 17/24 MP: 2/2
   669 | D:1      | Gained mutation: Your demonic aura sometimes causes spilled
                  | blood to erupt in flames. [demonic ancestry]
   669 | D:1      | Reached XP level 3. HP: 26/29 MP: 3/3
  2128 | D:3      | Gained mutation: Your demonic aura often causes spilled
                  | blood to erupt in flames. [demonic ancestry]
  2128 | D:3      | Reached XP level 4. HP: 35/35 MP: 4/4
  2173 | D:3      | Noticed a phantom
  2188 | D:3      | Killed a phantom
  2189 | D:3      | Reached skill level 1 in Dodging
  2189 | D:3      | Reached skill level 1 in Stealth
  2189 | D:3      | Gained mutation: You have a small tail. [demonic ancestry]
  2189 | D:3      | Reached XP level 5. HP: 38/42 MP: 5/5
  2570 | D:3      | Found a sparkling altar of Nemelex Xobeh.
  3142 | D:4      | Identified the +9 rapier of the Enchanted Forest {venom,
                  | rElec rPois Int+4}
  3215 | D:4      | Noticed an ogre
  3219 | D:4      | Killed an ogre
  3220 | D:4      | Reached XP level 6. HP: 8/48 MP: 1/6
  3718 | D:5      | Entered Level 5 of the Dungeon
  3739 | D:5      | Noticed a water moccasin
  3752 | D:5      | Killed a water moccasin
  3753 | D:5      | Reached skill level 1 in Short Blades
  3753 | D:5      | Gained mutation: You have a tail ending in a sharp stinger.
                  | [demonic ancestry]
  3753 | D:5      | Reached XP level 7. HP: 9/55 MP: 1/7
  3756 | D:5      | HP: 1/55 [gnoll/+0 halberd[a gnoll bouda] (11)]
  3761 | D:5      | Slain by a gnoll

Illustrated notes

Levels and vault maps discovered:
D:1:      elethiomel_arrival_shortcut, layout_basic
D:2:      layout_basic
D:3:      layout_basic, nicolae_overflow_squiral, serial_curves, eino_curves_03,
          eino_curves_02, eino_curves_01, eino_curves_01
D:4:      layout_rooms
D:5:      layout_basic, serial_corexii_hall, corexii_hall_statues_x,
          chequers_hall_statues_y, wad_floor_pattern_1

Skill      XL: |  1  2  3  4  5  6 |
---------------+-------------------+-----
Unarmed Combat | 2 3 |  3.4
Armour         | 3 4 |  4.2
Shields        | 3 |  3.5
Dodging        | 1 2 |  2.2
Stealth        | 1 2 |  2.4
Fighting       | 4 |  4.4
Short Blades   | 1 |  1.0

Action                     |  1- 3 |  4- 6 |  7- 9 || total
---------------------------+-------+-------+-------++-------
  Melee: Unarmed           |   152 |    61 |       ||   213
         Tailslap          |       |    14 |       ||    14
         Rapier            |       |    31 |     4 ||    35
    Use: Scroll            |     1 |     3 |     1 ||     5
         Potion            |       |     2 |     2 ||     4
 Armour: Scale mail        |    80 |       |       ||    80
         Plate armour      |       |    79 |     8 ||    87
  Dodge: Dodged            |    45 |    18 |     1 ||    64
  Block: Buckler           |    33 |    18 |     1 ||    52

Table legend: (Time is in decaauts)
 A = Elapsed time spent in this place.
 B = Non-inter-level travel time spent in this place.
 C = Inter-level travel time spent in this place.
 D = Time resting spent in this place.
 E = Time spent auto-exploring this place.
 F = Levels seen in this place.
 G = Mean time per level.
                   A        B        C        D        E       F      G
               +--------+--------+--------+--------+--------+-----+--------+
         Total |   3767 |   2886 |    881 |    206 |   2103 |   5 |  753.4 |
       Dungeon |   3767 |   2886 |    881 |    206 |   2103 |   5 |  753.4 |
               +--------+--------+--------+--------+--------+-----+--------+

Top non-repeatable levels by time:
     D:2: 1144 daAuts
     D:1: 941 daAuts
     D:3: 919 daAuts
     D:4: 715 daAuts
     D:5: 46 daAuts
